 Dungeon Crawl Stone Soup version 0.26-a0-278-g3b0d5afba5 (webtiles) character file.

Game seed: 6086306226048858296

9965 Infinimo the Destroyer (level 11, -4/68 HPs)
             Began as a Gargoyle Fire Elementalist on July 12, 2020.
             Was an Initiate of Gozag.
             Slain by an ice devil (20 damage)
             ... summoned by a kobold demonologist
             ... in a bailey.
             The game lasted 00:17:33 (13902 turns).

Infinimo the Destroyer (GrFE)                      Turns: 13902, Time: 00:17:34

Health: -4/68      AC:  2    Str: 11    XL:     11   Next: 54%
Magic:  3/21       EV: 12    Int: 20    God:    Gozag
Gold:   1567       SH:  0    Dex: 10    Spells: 19/24 levels left

rFire    + . .     SeeInvis +   h - +3 dagger (venom)
rCold    . . .     Faith    .   (no shield)
rNeg     + . .     Spirit   .   a - +1 robe
rPois    ∞         Reflect  .   (no helmet)
rElec    +         Harm     .   u - +0 cloak
rCorr    .                      y - +0 pair of gloves
MR       .....                  v - +4 pair of boots "Saofreyf" {SInv}
Stlth    ++........             (no amulet)
HPRegen  0.21/turn              q - ring of protection from cold
MPRegen  0.17/turn              x - ring of fire

@: corroded
A: negative energy resistance 1, electricity resistance, unbreathing,
petrification resistance, rot immunity, AC +8
a: Potion Petition, Call Merchant, Bribe Branch, Renounce Religion


You were in a bailey.
You worshipped Gozag.
Gozag was most pleased with you.
You visited 2 branches of the dungeon, and saw 11 of its levels.
You also visited: Ossuary and Bailey.

You collected 1634 gold pieces.
You paid 67 gold pieces to Gozag.

Inventory:

Hand Weapons
 h - a +3 dagger of venom (weapon)
Armour
 a - a +1 robe (worn)
 u - a +0 cloak (worn)
 v - the +4 pair of boots "Saofreyf" (worn) {SInv}
   (You found it on level 5 of the Dungeon)

   It lets you see invisible.
 y - a +0 pair of gloves (worn)
Jewellery
 e - an uncursed ring of see invisible {unknown}
 g - an uncursed ring of magical power {unknown}
 q - a ring of protection from cold (left hand)
 x - a ring of fire (right hand)
Wands
 s - a wand of iceblast (14)
Scrolls
 o - 12 scrolls of teleportation
 p - 3 scrolls of remove curse
Potions
 b - 2 potions of berserk rage
 c - 5 potions of lignification
 d - 7 potions of mutation
 f - 2 potions of degeneration
 i - 3 potions of magic
 j - 3 potions of heal wounds
 k - 8 potions of curing
 l - 3 potions of haste
 m - a potion of ambrosia
 n - a potion of might {unknown}
 r - 2 potions of brilliance
 t - a potion of cancellation {unknown}
 z - a potion of resistance {unknown}
 A - a potion of invisibility {unknown}


   Skills:
 + Level 7.7 Fighting
 - Level 1.5 Dodging
 - Level 2.1 Stealth
 + Level 7.0 Spellcasting
 * Level 11.2 Conjurations
 * Level 10.8 Fire Magic


You had 19 spell levels left.
You knew the following spells:

 Your Spells              Type           Power        Failure   Level
a - Foxfire               Conj/Fire      ####         1%          1
b - Sticky Flame          Conj/Fire      ######..     1%          4

Your spell library contained the following spells:

 Spells                   Type           Power        Failure   Level
 Conjure Flame            Conj/Fire      ######..     1%          3
 Fireball                 Conj/Fire      ######....   2%          5
 Inner Flame              Hex/Fire       #####...     3%          3
 Mephitic Cloud           Conj/Pois/Air  ###.....     6%          3
 Poisonous Vapours        Pois/Air       #.....       14%         2
 Freezing Cloud           Conj/Ice/Air   ###.......   97%         6
 Ring of Flames           Chrm/Fire      #####.....   100%        7


Dungeon Overview and Level Annotations

Branches:
Dungeon (10/15)            Temple (1/1) D:5            Lair (0/6) D:8
Ossuary (visited)          Bailey (1/1)
    Orc: D:9-12

Altars:
Ashenzari
Cheibriados
Dithmenos
Elyvilon
Fedhas
Gozag
Hepliaklqana
Kikubaaqudgha
Makhleb
Nemelex Xobeh
Okawaru
Qazlal
Ru
Sif Muna
Trog
Uskayaw
Vehumet
Wu Jian
Xom
Yredelemnul
Zin
The Shining One


Innate Abilities, Weirdness & Mutations

You are resistant to torment.
Your stone body is resilient. (AC +8)
You are immune to poison.
You resist negative energy. (rN+)
You are resistant to electric shocks. (rElec)
You can survive without breathing.
You are immune to petrification.
You are immune to rotting.


Message History

The kobold demonologist hits you with a +0 war axe. x2
The rust devil hits you. The rust devil corrodes you!
The ice devil disappears in a puff of smoke!
The red devil disappears in a puff of smoke!
Your Spellcasting skill increases to level 7!
You feel a bit more experienced.
The rust devil disappears in a puff of smoke!
The kobold demonologist mumbles some strange words.
There is a large open door here.
The kobold demonologist becomes distracted by the nearby gold, dreaming of imaginary riches.
Which direction?
As you close the gate, it creaks loudly!
You open the gate.
The kobold demonologist is no longer distracted by gold.
The kobold demonologist looks braver for a moment.
The ice devil hits you!
* * * LOW HITPOINT WARNING * * *
The ice devil freezes you!!
You die...
Your body crumbles into a pile of gold.

#≈≈≈≈≈# #≈≈≈≈≈### #≈≈≈≈≈≈.#
######.≈≈≈≈≈.#
#......≈≈≈≈≈.#++####
###......≈≈≈≈≈.#.....#
#..))..........'.....# ....#
#)))∩..........'..⌠..##.._.#
#..............@.....##....#+##
###......≈≈≈≈≈.#4....##....#..#
#......≈≈≈≈≈.#'g#####..$.#..#
######.≈≈≈≈≈.#..K...#....#..
#≈≈≈≈≈≈.#......#....#
#≈≈≈≈≈######...$...# #≈≈≈≈≈#
#.8.8$8.+ #≈≈≈≈≈# #.......#
#≈≈≈≈≈# #######+#


You could see an ice devil (summoned), a kobold demonologist and a goblin.

Vanquished Creatures
  5 death yaks
  An orc knight (Bailey)
  Joseph (D:9)
  Maggie (D:6)
  A kobold demonologist (Bailey)
  A troll (D:9)
  A hippogriff (D:9)
  6 yaks (D:10)
  A wyvern (D:9)
  A water moccasin (D:9)
  Duvessa (D:6)
  2 black bears
  An ice beast (D:8)
  5 orc warriors
  2 phantoms (D:9)
  7 ogres
  2 necrophages
  2 big kobolds (D:7)
  2 gnoll sergeants
  4 bullfrogs
  A wyvern zombie (D:10)
  Dowan (D:6)
  2 water moccasin skeletons
  2 scorpions
  2 electric eels (Bailey)
  2 jellies
  6 wights
  6 hounds
  2 centaur zombies
  A bullfrog skeleton (D:8)
  2 orc priests
  7 orc wizards
  Jessica (D:2)
  Ijyb (D:5)
  2 iguanas
  7 worker ants
  A killer bee zombie (D:7)
  A hound zombie (D:9)
  3 mummies (Ossuary)
  A worker ant zombie (D:9)
  8 gnolls
  12 adders
  A howler monkey skeleton (D:5)
  A white imp (D:7)
  4 ufetubi
  3 oozes
  3 worms
  A dart slug (D:1)
  3 leopard geckos
  33 orcs
  2 bats
  2 giant cockroaches (D:1)
  8 goblins
  2 hobgoblins
  10 jackals
  17 kobolds
  4 quokkas
  4 frilled lizards
  4 goblin zombies (Ossuary)
  4 hobgoblin zombies (Ossuary)
  3 kobold zombies (Ossuary)
  An orc zombie (Ossuary)
  A quokka skeleton (D:6)
  5 quokka zombies (Ossuary)
  7 rats
  A rat zombie (Ossuary)
242 creatures vanquished.

Vanquished Creatures (others)
  1197 foxfires
1197 creatures vanquished.

Grand Total: 1439 creatures vanquished

Notes
Turn   | Place    | Note
-------+----------+-------------------------------------------
     0 | D:1      | Infinimo the Gargoyle Fire Elementalist began the quest for
                  | the Orb.
     0 | D:1      | Reached XP level 1. HP: 10/10 MP: 3/3
   267 | D:1      | Reached XP level 2. HP: 16/16 MP: 3/5
   448 | D:1      | Reached skill level 2 in Conjurations
   525 | D:1      | Reached XP level 3. HP: 20/20 MP: 4/6
  1251 | D:2      | Reached skill level 1 in Fighting
  1361 | D:2      | Reached XP level 4. HP: 17/25 MP: 0/7
  1760 | D:2      | Found a shimmering altar of Xom.
  1821 | D:2      | Noticed Jessica
  1830 | D:2      | Killed Jessica
  1830 | D:2      | Reached skill level 3 in Conjurations
  1834 | D:2      | Reached XP level 5. HP: 28/29 MP: 1/8
  1840 | D:2      | Learned a level 4 spell: Sticky Flame
  2563 | D:3      | Found a hazy altar of Hepliaklqana.
  2595 | D:3      | Found a sparkling altar of Nemelex Xobeh.
  2831 | D:4      | Noticed an ogre
  2839 | D:4      | Killed an ogre
  2839 | D:4      | Reached XP level 6. HP: 35/35 MP: 5/10
  2896 | D:4      | Reached skill level 4 in Conjurations
  3146 | D:4      | Found a sand-covered staircase.
  3219 | Ossuary  | Entered an ossuary
  4883 | D:4      | Reached skill level 5 in Fire Magic
  4997 | D:5      | Entered Level 5 of the Dungeon
  5029 | D:5      | Reached XP level 7. HP: 40/40 MP: 11/11
  5032 | D:5      | Got a pair of shimmering boots
  5038 | D:5      | Identified the +4 pair of boots "Saofreyf" {SInv} (You
                  | found it on level 5 of the Dungeon)
  5213 | D:5      | Noticed Ijyb
  5223 | D:5      | Killed Ijyb
  5355 | D:5      | Found a blossoming altar of Fedhas.
  5435 | D:5      | Found a staircase to the Ecumenical Temple.
  5443 | D:5      | Reached skill level 5 in Conjurations
  5451 | Temple   | Entered the Ecumenical Temple
  5553 | Temple   | Became a worshipper of Gozag Ym Sagoz the Greedy
  6223 | D:6      | Reached XP level 8. HP: 35/46 MP: 8/13
  6300 | D:6      | Noticed Duvessa
  6300 | D:6      | Noticed Dowan
  6327 | D:6      | Killed Duvessa
  6329 | D:6      | Killed Dowan
  6445 | D:6      | Reached skill level 6 in Conjurations
  6788 | D:6      | Noticed Maggie
  7038 | D:6      | Found a shimmering blue altar of Sif Muna.
  7315 | D:6      | Killed Maggie
  7315 | D:6      | Reached skill level 7 in Conjurations
  7315 | D:6      | Reached XP level 9. HP: 18/53 MP: 1/15
  7942 | D:7      | Found a snail-covered altar of Cheibriados.
  8105 | D:7      | Reached skill level 5 in Fighting
  8229 | D:7      | Found a shadowy altar of Dithmenos.
  8856 | D:7      | Reached skill level 5 in Spellcasting
  8856 | D:7      | Reached skill level 8 in Conjurations
  9437 | D:8      | Found an iron altar of Okawaru.
  9650 | D:8      | Noticed a death yak
  9651 | D:8      | Noticed a death yak
  9653 | D:8      | Noticed a death yak
  9654 | D:8      | Noticed a death yak
  9662 | D:8      | Noticed a death yak
  9680 | D:8      | Killed a death yak
  9823 | D:7      | Killed a death yak
  9823 | D:7      | Reached skill level 9 in Conjurations
  9823 | D:7      | Reached XP level 10. HP: 45/60 MP: 3/18
  9984 | D:7      | Killed a death yak
 10200 | D:7      | Killed a death yak
 10363 | D:8      | Found a staircase to the Lair.
 10431 | D:8      | Killed a death yak
 10431 | D:8      | Reached skill level 10 in Conjurations
 10543 | D:8      | Found a shattered altar of Ashenzari.
 10836 | D:8      | Found an ancient bone altar of Kikubaaqudgha.
 11278 | D:9      | Reached skill level 10 in Fire Magic
 11278 | D:9      | Reached XP level 11. HP: 62/67 MP: 15/20
 12333 | D:9      | Noticed Joseph
 12358 | D:9      | Killed Joseph
 12826 | D:10     | Entered Level 10 of the Dungeon
 13128 | D:10     | Reached skill level 11 in Conjurations
 13560 | D:10     | Found a flagged portal.
 13569 | Bailey   | Entered a bailey
 13634 | Bailey   | Noticed an orc knight
 13655 | Bailey   | Killed an orc knight
 13881 | Bailey   | Found an iron altar of Okawaru.
 13902 | Bailey   | Slain by an ice devil

Illustrated notes

Levels and vault maps discovered:
D:1:      dpeg_arrival_water_temple_mockup, layout_loops_ring
D:2:      layout_basic, nicolae_overflow_crystal_walls, uniq_jessica
D:3:      layout_rooms, overflow_temple_1_default,
          nemelex_xobeh_ov_fountains_minmay, minivault_4
D:4:      layout_basic, nicolae_ossuary_entry_monument,
          kennysheep_generic_room_12
D:5:      layout_loops_ring, lemuel_doored_altar,
          minmay_temple_entry_proselytizer, uniq_ijyb
D:6:      layout_rooms, led_sif_book, uniq_maggie, uniq_duvessa
D:7:      layout_loops_ring, old_standard_altar, kennysheep_mini,
          minmay_unpleasant_kobolds
D:8:      layout_loops_ring, okawaru_gym_becter, marbit_many_paths,
          dpeg_lair_monsters, chequers_avenue, nicolae_ashenzari_panopticon
D:9:      layout_basic, uniq_joseph
D:10:     layout_cave_pods, enter_bailey_6, kennysheep_nub,
          minmay_misc_feat_nine_boxes
Temple:   jpeg_temple_clearing
Bailey:   bailey_axe_of_yendor_kennysheep, bailey

Skill      XL: |  1  2  3  4  5  6  7  8  9 10 11 |
---------------+----------------------------------+-----
Conjurations   | 2 3 4 5 7 9 10 11 | 11.2
Fighting       | 1 2 3 4 6 7 |  7.7
Fire Magic     | 4 5 7 8 10 | 10.8
Spellcasting   | 3 4 5 6 7 |  7.0
Dodging        | |  1.5
Stealth        | |  2.1

Action                   |  1- 3 |  4- 6 |  7- 9 | 10-12 || total
-------------------------+-------+-------+-------+-------++-------
Melee: Unarmed           |     2 |       |       |       ||     2
       Dagger            |    32 |    41 |    20 |    10 ||   103
 Cast: Foxfire           |    54 |   150 |   282 |   240 ||   726
       Sticky Flame      |       |       |    14 |    41 ||    55
  Use: Scroll            |       |     9 |     6 |     9 ||    24
 Stab: Sleeping          |     1 |       |       |       ||     1
       Distracted        |       |     1 |       |       ||     1
       Fleeing           |       |       |     1 |       ||     1
Armor: Robe              |    14 |    28 |   114 |   103 ||   259
Dodge: Dodged            |    33 |    61 |   144 |   144 ||   382

Table legend:
 A = Non-vault XP
 B = Vault XP
 C = Vault XP percentage of total XP
 D = Non-vault monster count
 E = Vault monster count
 F = Vault count percentage of total count
                 A         B        C        D         E       F
            +---------+---------+-------+---------+---------+-------
      Total |    7279 |    6958 |  48.9 |     189 |      53 |  21.9
            +---------+---------+-------+---------+---------+-------
        D:1 |      45 |       0 |   0.0 |      20 |       0 |   0.0
        D:2 |     105 |      37 |  26.1 |      15 |       1 |   6.2
        D:3 |      68 |       0 |   0.0 |      14 |       0 |   0.0
        D:4 |     237 |      34 |  12.5 |      13 |       1 |   7.1
        D:5 |     394 |      77 |  16.3 |      16 |       2 |  11.1
        D:6 |     965 |     686 |  41.6 |      26 |       5 |  16.1
        D:7 |     738 |    2690 |  78.5 |      20 |       9 |  31.0
        D:8 |     650 |    1756 |  73.0 |       9 |       2 |  18.2
        D:9 |    2347 |     419 |  15.1 |      40 |       1 |   2.4
       D:10 |    1730 |       0 |   0.0 |      16 |       0 |   0.0
    Ossuary |       0 |      72 | 100.0 |       0 |      21 | 100.0
     Bailey |       0 |    1187 | 100.0 |       0 |      11 | 100.0
            +---------+---------+-------+---------+---------+-------
